 Dungeon Crawl Stone Soup version 0.30.1-11-g7821555f0a (webtiles) character file.

Game seed: 16130603830508341207

18 Peloso the Covered (level 2, 27/27 HPs)
             Began as a Minotaur Fighter on Nov 7, 2023.
             Got out of the dungeon alive.
             The game lasted 00:00:54 (809 turns).

Peloso the Covered (Minotaur Fighter)                Turns: 809, Time: 00:00:55

Health: 27/27      AC:  9    Str: 20    XL:     2   Next: 48%
Magic:  1/1        EV:  9    Int:  5    God:
Gold:   60         SH:  4    Dex:  7    Spells: 1/1 levels left

rFire   . . .        a - +0 long sword
rCold   . . .        c - +0 buckler
rNeg    . . .        b - +0 scale mail
rPois   .            (helmet restricted)
rElec   .            (no cloak)
rCorr   .            (no gloves)
SInv    .            (no boots)
Will    .....        (no amulet) Stlth
                     (no ring)
HPRegen 0.24/turn    (no ring)
MPRegen 0.07/turn

%: no passive effects
@: no status effects
A: horns 2, retaliatory headbutt, iridescent scales 1, clumsy 1, teleportitis 1
a: no special abilities


You escaped.
You visited 1 branch of the dungeon, and saw 1 of its levels.

You collected 60 gold pieces.

Inventory:

Hand Weapons
 a - a +0 long sword (weapon)
Armour
 b - a +0 scale mail (worn)
 c - a +0 buckler (worn)
Scrolls
 h - a scroll of identify {unknown}
Potions
 d - a potion of might
 g - a potion of degeneration {unknown}


   Skills:
 + Level 4.0 Fighting
 + Level 2.6 Long Blades
 + Level 4.1 Armour
 + Level 3.7 Shields


You had one spell level left.
You didn't know any spells.
Your spell library contained the following spells:

 Spells                   Type           Power      Damage    Failure   Level
 Slow                     Hex            0%         N/A       88%         1
 Ensorcelled Hibernation  Hex/Ice        0%         N/A       95%         2
 Passwall                 Tmut/Erth      0%         N/A       95%         2
 Confusing Touch          Hex            0%         N/A       99%         3
 Swiftness                Air            0%         N/A       99%         3
 Vampiric Draining        Necr           0%         2d6       99%         3


Dungeon Overview and Level Annotations

Branches:
Dungeon (1/15)

Altars:


Innate Abilities, Weirdness & Mutations

You have a pair of horns on your head.
You reflexively headbutt those who attack you in melee.
You are partially covered in iridescent scales. (AC +2)
You are clumsy. (Dex -2)
You are occasionally teleported next to monsters.


Message History

You hit the frilled lizard.
You kill the frilled lizard!
The dart slug launches a dart at you. You block the slug dart.
The dart slug launches a dart at you. The slug dart hits you.
The dart slug launches a dart at you. The slug dart misses you.
You slash the dart slug!
The dart slug is almost dead.
The dart slug launches a dart at you. The slug dart misses you.
You slash the dart slug!
You kill the dart slug!
You see here a dart slug corpse.
h - a scroll labelled OZUMAI APU MEBIB
There is an open door here.
You enter the shallow water.
Moving in this stuff is going to be slow.
There is an open door here.
You enter the shallow water.
Moving in this stuff is going to be slow.
Done exploring.
Done exploring.
Done exploring.
Done exploring.
It was a potion of heal wounds.
You feel much better.
It was a potion of mutation.
You feel extremely strange.
You feel clumsy.
You feel weirdly uncertain.
Iridescent scales grow over part of your body.
Okay, then.
(D) Dungeon
Where to? (? - help)
What level of the Dungeon? (default 1, ? - help)
You enter the shallow water.
Moving in this stuff is going to be slow.
There is an open door here.
There is a staircase leading out of the dungeon here.
Are you sure you want to leave the Dungeon?
This will make you lose the game!
You have escaped!

##############.#+#.....#..#.####.
.....................#.#..#.# #.
#########.#.########.#.####.# #.
........#.#........#......#.####.
###..#.##.#............#.........
..#.....#.#.######.########.#####
...........>.......# #......#
..#.........######## #.####.#
(.#.###.#...####@..###.# ########
#.#.#.......#~~##.##P~.###.......
....#.#.##..#~~♣#'#P~~.....######
###...#......~~~~~~~~~♣##########
##..#......~~♣#'#♣~~..........#
####..#...#..~♣##.##♣~...######.#
....#.....#..###...###.....# #.#
....#........# ##### #.#.#.# #.#
....####.....#########.#.#.# #.#


There were no monsters in sight!

Vanquished Creatures
  2 dart slugs (D:1)
  A giant cockroach (D:1)
  4 hobgoblins (D:1)
  3 ball pythons (D:1)
  2 bats (D:1)
  2 frilled lizards (D:1)
14 creatures vanquished.

Notes
Turn   | Place    | Note
-------+----------+-------------------------------------------
     0 | D:1      | Peloso the Minotaur Fighter began the quest for the Orb.
     0 | D:1      | Reached XP level 1. HP: 19/19 MP: 0/0
   420 | D:1      | Reached XP level 2. HP: 27/27 MP: 1/1
   785 | D:1      | Gained mutation: You are clumsy. (Dex -2) [potion of
                  | mutation]
   785 | D:1      | Gained mutation: You are occasionally teleported next to
                  | monsters. [potion of mutation]
   785 | D:1      | Gained mutation: You are partially covered in iridescent
                  | scales. (AC +2) [potion of mutation]
   809 | D:$      | Got out of the dungeon alive.

Illustrated notes

Levels and vault maps discovered:
D:1:      sevenhm_arrival_forest_fort_small_4, layout_basic

Skill      XL: |  1  2 |
---------------+-------+-----
Fighting       | 4 |  4.0
Armour         | 4 |  4.1
Long Blades    | |  2.6
Shields        | |  3.7

Action                     || total
---------------------------++-------
  Melee: Long sword        ||    26
         Headbutt          ||     3
    Use: Potion            ||     2
 Armour: Scale mail        ||    16
  Dodge: Dodged            ||    20
  Block: Buckler           ||     9
